 Dungeon Crawl Stone Soup version 0.31-a0-596-g831eee08f1 (webtiles) character file.

Game seed: 10230719175804529192

7637 jlumianski the Magician (level 11, -2/70 HPs)
             Began as a Djinni Fire Elementalist on Aug 21, 2023.
             Was a High Priest of Makhleb.
             Slain by a death yak (24 damage)
             ... on level 9 of the Dungeon.
             The game lasted 00:59:14 (7171 turns).

jlumianski the Magician (Djinni Fire Elementalist)  Turns: 7171, Time: 00:59:15

Health: -2/70      AC:  6    Str:  7    XL:     11   Next: 40%
Gold:   411        EV: 14    Int: 22    God:    Makhleb [*****.] SH:  0 Dex: 13

rFire   + + .        v - melded +2 dagger (venom)
rCold   x . .        (shield currently unavailable)
rNeg    . . .        a - +0 robe
rPois   ∞            (no helmet)
rElec   .            C - +0 cloak of Ru, Feeding {+Inv}
rCorr   +            h - +2 pair of gloves
SInv    .            (boots unavailable)
Will    +....        f - amulet of regeneration
Stlth   +            s - ring of resist corrosion
HPRegen 1.11/turn    (no ring)
MPRegen 0.00/turn

%: infuse magic (-3 HP)
@: flux-form, flying, glowing
A: glow, contaminating, flying, sickness immunity, fire resistance 2, cold
vulnerability 1, float, innate caster, HP casting, extra vitality 1
a: Begin Untransformation, Renounce Religion, Evoke Invisibility, Minor
Destruction, Lesser Servant of Makhleb, Major Destruction, Greater Servant of
Makhleb


You were on level 9 of the Dungeon.
You worshipped Makhleb.
Makhleb was extremely pleased with you.
You were something dangerously unstable.
You visited 2 branches of the dungeon, and saw 10 of its levels.

You collected 411 gold pieces.

Inventory:

Hand Weapons
 j - a +0 dagger
 m - a +0 dagger of draining
 r - a +0 rapier
 v - a +2 dagger of venom (melded)
 K - a +1 scimitar of flaming
 L - a +5 dagger of freezing
Missiles
 u - 15 poisoned darts
 D - 17 boomerangs
 E - 5 throwing nets
Armour
 a - a +0 robe (worn)
 c - a +0 pair of gloves
 h - a +2 pair of gloves (worn)
 C - the +0 cloak of Ru, Feeding (worn) {+Inv}
   (You found it on level 7 of the Dungeon)

   +Inv:      It lets you turn invisible.
 G - a +0 cloak
Jewellery
 f - an amulet of regeneration (around neck)
 o - a ring of fire
 s - a ring of resist corrosion (left hand)
Talismans
 F - a flux talisman (active)
Wands
 n - a wand of charming (7)
 p - a wand of polymorph (12)
 y - a wand of flame (41)
Scrolls
 e - 4 scrolls of teleportation
 g - 2 scrolls of vulnerability
 k - a scroll of revelation
 A - a scroll of enchant armour
Potions
 b - 3 potions of curing
 d - a potion of haste
 i - 2 potions of attraction
 l - 2 potions of degeneration
 q - 2 potions of brilliance
 t - a potion of heal wounds
 w - a potion of berserk rage
 x - a potion of ambrosia
 z - a potion of mutation
 B - a potion of cancellation
 H - a potion of lignification
 I - a potion of enlightenment {unknown}
 J - a potion of might {unknown}


   Skills:
 + Level 2.6 Fighting
 + Level 0.4 Short Blades
 + Level 6.5 Dodging
 + Level 4.0 Stealth
 + Level 5.2 Unarmed Combat
 * Level 6.7 Spellcasting
 * Level 6.7 Conjurations
 * Level 6.7 Hexes
 * Level 6.7 Summonings
 * Level 6.7 Necromancy
 * Level 6.7 Translocations
 * Level 6.7 Transmutations
 * Level 6.7 Fire Magic
 * Level 6.7 Ice Magic
 * Level 6.7 Air Magic
 * Level 6.7 Earth Magic
 * Level 6.7 Poison Magic
 * Level 5.8 Invocations
 * Level 5.5 Evocations
 - Level 6.0 Shapeshifting


You knew the following spells:

 Your Spells              Type           Power      Damage    Failure   Level
a - Foxfire               Conj/Fire      100%       2x1d9     1%          1
b - Scorch                Fire           74%        2d8       1%          2
c - Volatile Blastmotes   Fire/Tloc      74%        2d16      1%          3
d - Inner Flame           Hex/Fire       37%        N/A       1%          3
e - Flame Wave            Conj/Fire      37%        2d10      5%          4
f - Sandblast             Erth           74%        2d16      1%          1
g - Poisonous Vapours     Pois/Air       74%        N/A       1%          2
h - Ignite Poison         Fire/Tmut/Pois 37%        N/A       1%          3
i - Frozen Ramparts       Ice            74%        1d12      1%          3
j - Fireball              Conj/Fire      18%        3d9       14%         5
Your spell library was empty.

Dungeon Overview and Level Annotations

Branches:
Dungeon (9/15)             Temple (1/1) D:7
   Lair: D:8-11         Orc: D:9-12

Altars:
Ashenzari
Cheibriados
Dithmenos
Elyvilon
Fedhas
Gozag
Hepliaklqana
Makhleb
Nemelex Xobeh
Okawaru
Qazlal
Ru
Trog
Xom
Yredelemnul
Zin
The Shining One

Shops:
D:1 [   D:2 *   D:6 *   D:7 =   D:8 [


Innate Abilities, Weirdness & Mutations

You are something dangerously unstable.
You glow with magical radiation, making you easy to see and hit.
Foes you strike become dangerously contaminated with magical radiation.
You are flying.
You are incapable of wielding weapons or throwing items.
You are immune to sickness and miasma.
You are immune to poison.
Your flesh is very heat resistant. (rF++)
You are vulnerable to cold. (rC-)
You float through the air rather than walking.
You learn spells naturally, not from books.
Your magical power is your life essence.
You have superior vitality. (+4 MHP)


Message History

Makhleb accepts your kill.
You feel better.
The flame wave engulfs the wight!
You destroy the wight!
Makhleb accepts your kill.
A wight comes into view.
It is wielding a +4 scimitar of freezing.
Things that are here:
a +0 scimitar; a +0 robe A wight comes into view.
It is wielding a +5 dagger of freezing.
A death yak comes into view.
A quokka comes into view.
There is a stone staircase leading up here.
A river rat comes into view.
The wight hits you with a +5 dagger of freezing!
The wight freezes you.
You fly upwards.
There is a stone staircase leading down here.
You closely miss the wight. You hit the wight.
The wight begins to glow.
The wight is lightly damaged.
The wight hits you with a +5 dagger of freezing.
The wight freezes you.
You hit the wight but do no damage.
The wight glows dangerously bright.
The wight is lightly damaged.
The wight misses you.
You hit the wight but do no damage.
The wight shudders as magic cascades through it!!
You destroy the wight!
Makhleb accepts your kill.
You feel better.
Things that are here:
a +5 dagger of freezing; a +0 robe
L - a +5 dagger of freezing
There is a stone staircase leading down here.
You start resting.
HP restored.
You fly downwards.
The death yak gores you!! x2; The death yak gores you.
* * * LOW HITPOINT WARNING * * *
There is a stone staircase leading up here.
The death yak gores you!!
You die...

......# ### .......
...# +## .......
#####...# ..#
....... #.......###
..#
.......###.........#
..#
......r..z..........
..#
........r[..........
..+
...#######..YY......
..# . #..B..### ..#
#..#### ..# #..# ..#
#..# .## +..# .#
#..# .# #..# #..#
...#


You could see 2 death yaks, a wight and 2 river rats.

Vanquished Creatures
  Erica (D:8)
  A death yak (D:9)
  A two-headed ogre (D:8)
  Joseph (D:8)
  Maurice (D:8)
  An unseen horror zombie (D:9)
  8 yaks (D:8)
  Grum (D:8)
  2 steam dragons (D:8)
  Duvessa (D:7)
  A black bear (D:3)
  3 ice beasts
  A sky beast (D:7)
  A wolf (D:8)
  2 ogres
  2 centaurs
  A kobold brigand (D:8)
  3 bullfrogs
  3 gnoll sergeants (D:8)
  3 scorpions
  2 wights
  Dowan (D:7)
  5 killer bees
  2 howler monkeys (D:6)
  A centaur zombie (D:9)
  4 orc priests
  12 hounds
  3 gnoll boudas
  A sleepcap (D:4)
  5 iguanas
  4 orc wizards
  34 gnolls
  9 adders
  A shadow imp (D:6)
  2 ufetubi
  2 worms
  3 dart slugs
  18 orcs
  7 endoplasms
  11 giant cockroaches
  10 goblins
  8 hobgoblins
  7 jackals
  15 kobolds
  5 quokkas
  4 ball pythons
  3 bats
  6 frilled lizards
  5 rats
228 creatures vanquished.

Vanquished Creatures (collateral kills)
  A foxfire (D:3)
1 creature vanquished.

Vanquished Creatures (others)
  253 foxfires
253 creatures vanquished.

Grand Total: 482 creatures vanquished

Notes
Turn   | Place    | Note
-------+----------+-------------------------------------------
     0 | D:1      | jlumianski the Djinni Fire Elementalist began the quest for
                  | the Orb.
     0 | D:1      | jlumianski set off with the following spells memorised:
                  | Foxfire, Scorch, Volatile Blastmotes, Inner Flame, Flame
                  | Wave.
     0 | D:1      | Reached XP level 1. HP: 15/15 MP: 0/0
    93 | D:1      | Noticed an animated pearl dragon scales
    94 | D:1      | Found Anuraz's Armour Shop.
    94 | D:1      | Noticed an animated crystal plate armour
   166 | D:1      | Reached XP level 2. HP: 18/21 MP: 0/0
   305 | D:2      | Reached XP level 3. HP: 25/25 MP: 0/0
   305 | D:2      | Learned a level 1 spell: Sandblast
   855 | D:3      | Found a burning altar of Makhleb.
   859 | D:3      | Became a worshipper of Makhleb the Destroyer
   893 | D:2      | Reached XP level 4. HP: 31/31 MP: 0/0
   914 | D:2      | Found a faded altar of an unknown god.
  1237 | D:2      | Reached XP level 5. HP: 36/36 MP: 0/0
  1237 | D:2      | Learned a level 2 spell: Poisonous Vapours
  1341 | D:2      | Found Ydilath's Assorted Antiques.
  1476 | D:5      | Entered Level 5 of the Dungeon
  1511 | D:3      | Reached * piety under Makhleb
  1675 | D:3      | Found a snail-covered altar of Cheibriados.
  1773 | D:3      | Found a sparkling altar of Nemelex Xobeh.
  1953 | D:3      | Reached skill level 1 in Shapeshifting
  1998 | D:4      | Noticed an ogre
  2184 | D:3      | Found a faded altar of an unknown god.
  2251 | D:3      | Reached ** piety under Makhleb
  2485 | D:4      | Noticed a black bear
  2512 | D:3      | Killed a black bear
  2513 | D:3      | Reached XP level 6. HP: 23/41 MP: 0/0
  2626 | D:4      | Killed an ogre
  2627 | D:4      | Reached skill level 1 in Fighting
  2627 | D:4      | Reached XP level 7. HP: 30/47 MP: 0/0
  2627 | D:4      | Learned a level 3 spell: Ignite Poison
  2851 | D:3      | Found a glowing golden altar of the Shining One.
  3100 | D:5      | Reached *** piety under Makhleb
  3102 | D:5      | Found an iron altar of Okawaru.
  3368 | D:5      | Reached XP level 8. HP: 33/52 MP: 0/0
  3399 | D:5      | Found a shimmering altar of Xom.
  4304 | D:6      | Reached skill level 5 in Spellcasting
  4304 | D:6      | Reached skill level 5 in Conjurations
  4304 | D:6      | Reached skill level 5 in Hexes
  4304 | D:6      | Reached skill level 5 in Summonings
  4304 | D:6      | Reached skill level 5 in Necromancy
  4304 | D:6      | Reached skill level 5 in Translocations
  4304 | D:6      | Reached skill level 5 in Transmutations
  4304 | D:6      | Reached skill level 5 in Fire Magic
  4304 | D:6      | Reached skill level 5 in Ice Magic
  4304 | D:6      | Reached skill level 5 in Air Magic
  4304 | D:6      | Reached skill level 5 in Earth Magic
  4304 | D:6      | Reached skill level 5 in Poison Magic
  4490 | D:6      | Found Coutakh's General Store.
  5131 | D:8      | Reached skill level 1 in Unarmed Combat
  5132 | D:8      | Noticed a yak
  5134 | D:8      | Noticed a yak
  5139 | D:8      | Killed a yak
  5139 | D:8      | Killed a yak
  5139 | D:8      | Noticed Joseph
  5140 | D:8      | Reached XP level 9. HP: 50/57 MP: 0/0
  5140 | D:8      | Learned a level 3 spell: Frozen Ramparts
  5159 | D:7      | Noticed Duvessa
  5165 | D:7      | Noticed Dowan
  5167 | D:7      | Killed Duvessa
  5167 | D:7      | Killed Dowan
  5191 | D:8      | Killed Joseph
  5192 | D:8      | Reached skill level 5 in Shapeshifting
  5235 | D:8      | Reached skill level 1 in Invocations
  5360 | D:7      | Identified the +0 cloak of Ru, Feeding {+Inv}
  5390 | D:8      | Reached **** piety under Makhleb
  5391 | D:8      | Reached skill level 1 in Evocations
  5451 | D:8      | Reached XP level 10. HP: 26/63 MP: 0/0
  5517 | D:7      | Found Ygadda's Jewellery Shop.
  5589 | D:7      | Found a basalt altar of Yredelemnul.
  5669 | D:7      | Found a staircase to the Ecumenical Temple.
  5685 | Temple   | Entered the Ecumenical Temple
  5768 | D:7      | Reached skill level 5 in Dodging
  5978 | D:8      | Noticed Grum
  5986 | D:8      | Killed Grum
  6352 | D:8      | Noticed Maurice
  6392 | D:8      | Killed Maurice
  6554 | D:8      | Reached ***** piety under Makhleb
  6606 | D:8      | Noticed a two-headed ogre
  6611 | D:8      | Killed a two-headed ogre
  6613 | D:8      | Found Vorojemp's Antique Armour Emporium.
  6627 | D:8      | Noticed Erica
  6636 | D:8      | Killed Erica
  6637 | D:8      | Reached skill level 5 in Invocations
  6637 | D:8      | Reached XP level 11. HP: 66/69 MP: 0/0
  6637 | D:8      | Learned a level 5 spell: Fireball
  6954 | D:8      | Reached skill level 5 in Evocations
  6982 | D:8      | Reached skill level 5 in Unarmed Combat
  7118 | D:9      | Noticed a death yak
  7125 | D:9      | Killed a death yak
  7136 | D:9      | Noticed a death yak
  7143 | D:9      | Noticed a death yak
  7171 | D:9      | Slain by a death yak

Illustrated notes

Levels and vault maps discovered:
D:1:      psy_arrival_conway, layout_loops_ring, serial_shops,
          nicolae_shop_mannequins
D:2:      layout_rooms, serial_shops, nicolae_shop_back_alley_shop,
          hellmonk_ecumenical_altar_crossroads, minmay_octomino_e4
D:3:      minmay_roachtagon, layout_basic, nemelex_diamond_rough_becter,
          nicolae_overflow_ecumenical_swirl, lemuel_crystal_altar,
          kennysheep_slug_shrine, lexackson_kobold_supper
D:4:      layout_cave_pools
D:5:      layout_layer_cave, kennysheep_okawaru_gauntlet, xom_butterflies
D:6:      layout_cave_pods, serial_shops, nicolae_inconvenience_store
D:7:      layout_basic, mainiacjoe_overflow_chevrons,
          minmay_temple_entry_crystal_x, serial_shops,
          nicolae_shop_temple_entry_statues_fountains, uniq_maggie, uniq_duvessa
D:8:      layout_cave_pools, serial_gnoll_camp, gnoll_camp_mini_shop,
          gnoll_camp_mini_loothouse, gnoll_camp_medium_02, grums_kennel,
          gnoll_camp_medium_01, gnoll_camp_mini_doghouse, uniq_maurice,
          uniq_erica, uniq_joseph
D:9:      layout_irregular_city, lemuel_tele_altar, dpeg_lair_monsters,
          serial_undead, serial_undead_c, serial_undead_a, serial_undead_e,
          serial_undead_d, minivault_16, uniq_amaemon
Temple:   compressed_dpeg_triangle_lava_temple

Skill      XL: |  1  2  3  4  5  6  7  8  9 10 11 |
---------------+----------------------------------+-----
Spellcasting   | 4 6 |  6.7
Conjurations   | 4 6 |  6.7
Hexes          | 4 6 |  6.7
Summonings     | 4 6 |  6.7
Necromancy     | 4 6 |  6.7
Translocations | 4 6 |  6.7
Transmutations | 4 6 |  6.7
Fire Magic     | 4 6 |  6.7
Ice Magic      | 4 6 |  6.7
Air Magic      | 4 6 |  6.7
Earth Magic    | 4 6 |  6.7
Poison Magic   | 4 6 |  6.7
Stealth        | 2 3 4 |  4.0
Dodging        | 3 4 6 |  6.5
Shapeshifting  | 1 2 3 4 5 6 |  6.0
Fighting       | 1 2 |  2.6
Unarmed Combat | 1 4 5 |  5.2
Invocations    | 2 5 |  5.8
Evocations     | 1 4 5 |  5.5
Short Blades   | |  0.4

Action                     |  1- 3 |  4- 6 |  7- 9 | 10-12 || total
---------------------------+-------+-------+-------+-------++-------
  Melee: Unarmed           |     6 |       |    34 |    98 ||   138
         Dagger            |     4 |    50 |    13 |       ||    67
   Cast: Foxfire           |    26 |    66 |    41 |    10 ||   143
         Scorch            |     2 |    11 |     8 |     3 ||    24
         Poisonous Vapours |       |     4 |    55 |    61 ||   120
         Volatile Blastmot |       |     5 |     1 |     6 ||    12
         Ignite Poison     |       |       |    24 |    21 ||    45
         Sandblast         |       |       |     3 |       ||     3
         Frozen Ramparts   |       |       |     1 |     7 ||     8
         Flame Wave        |       |       |       |     1 ||     1
    Use: Scroll            |       |     4 |     6 |     7 ||    17
         Potion            |       |       |       |     3 ||     3
   Stab: Sleeping          |     1 |     1 |       |     1 ||     3
 Armour: Robe              |     7 |    23 |    14 |    39 ||    83
  Dodge: Dodged            |     5 |    67 |    51 |    86 ||   209
   Form: Flux              |       |       |     1 |       ||     1

Table legend: (Time is in decaauts)
 A = Elapsed time spent in this place.
 B = Non-inter-level travel time spent in this place.
 C = Inter-level travel time spent in this place.
 D = Time resting spent in this place.
 E = Time spent auto-exploring this place.
 F = Levels seen in this place.
 G = Mean time per level.
                   A        B        C        D        E       F      G
               +--------+--------+--------+--------+--------+-----+--------+
         Total |   7179 |   6979 |    200 |    248 |   4050 |  10 |  717.9 |
       Dungeon |   7131 |   6931 |    200 |    248 |   4050 |   9 |  792.3 |
        Temple |     47 |     47 |      0 |      0 |      0 |   1 |   47.0 |
               +--------+--------+--------+--------+--------+-----+--------+

Top non-repeatable levels by time:
     D:8: 1351 daAuts
     D:5: 1230 daAuts
     D:3: 1041 daAuts
     D:6: 796 daAuts
     D:1: 743 daAuts
     D:2: 662 daAuts
     D:7: 652 daAuts
     D:4: 605 daAuts
  Temple: 47 daAuts
     D:9: 47 daAuts
